 Dungeon Crawl Stone Soup version 0.21.0-25-ge575cb9 (webtiles) character file.

90 pstr the Digger (level 4, -23/36 HPs)
             Began as a Naga Earth Elementalist on Jan 26, 2018.
             Killed from afar by a goblin (33 damage)
             ... with an exploding inner flame
             ... hexed by the player character
             ... on level 3 of the Dungeon.
             The game lasted 00:07:56 (3378 turns).

pstr the Digger (Naga Earth Elementalist)           Turns: 3378, Time: 00:07:56

Health: -23/36     AC:  2    Str: 16    XL:     4   Next: 56%
Magic:  0/8        EV: 10    Int: 16    God:
Gold:   93         SH:  0    Dex: 11    Spells: 4/8 levels left

rFire    . . .     SeeInvis +   (no weapon)
rCold    . . .     Gourm    .   (no shield)
rNeg     . . .     Faith    .   c - +0 robe
rPois    +         Spirit   .   (no helmet)
rElec    .         Reflect  .   (no cloak)
rCorr    .         Harm     .   (no gloves)
MR       .....                  (no barding)
Stlth    ++........             (no amulet)
HPRegen  0.12/turn              (no ring)
MPRegen  0.11/turn              (no ring)

@: mighty, very slightly contaminated, hasted, quick
A: large, see invisible, deformed body, poison resistance, slowness 2, slow
metabolism 1, spit poison 1, AC +1
a: Spit Poison


You were on level 3 of the Dungeon.
You were not hungry.

You visited 1 branch of the dungeon, and saw 3 of its levels.

You collected 93 gold pieces.

Inventory:

Missiles
 b - 90 stones (quivered)
Armour
 c - a +0 robe (worn)
 g - a +0 leather armour
Scrolls
 h - a scroll of magic mapping
Potions
 k - a potion of might
 o - a potion of brilliance {unknown}
Books
 e - a book of Geomancy

   Spells                             Type                      Level
   a - Sandblast                      Earth                        1
   b - Passwall                       Transmutation/Earth          2
   c - Stone Arrow                    Conjuration/Earth            3
   d - Petrify                        Transmutation/Earth          4
   e - Lee's Rapid Deconstruction     Earth                        5
Comestibles
 d - 5 rations


   Skills:
 + Level 0.2 Fighting
 + Level 2.2 Dodging
 + Level 3.4 Stealth
 + Level 2.8 Spellcasting
 + Level 0.7 Conjurations
   Level 1.0 Transmutations
 + Level 3.8 Earth Magic


You had 4 spell levels left.
You knew the following spells:

 Your Spells              Type           Power        Failure   Level  Hunger
a - Sandblast             Erth           ##....       3%          1    #......
b - Stone Arrow           Conj/Erth      #.....       22%         3    ###....


Dungeon Overview and Level Annotations

Branches:
Dungeon (3/15)

Altars:
The Shining One

Annotations:
D:3 Grinder


Innate Abilities, Weirdness & Mutations

You cannot wear boots.
Your serpentine skin is tough. (AC +1)
You have supernaturally acute eyesight. (SInv)
Armour fits poorly on your strangely shaped body.
Your system is resistant to poisons. (rPois)
You cover ground very slowly.
You have a slow metabolism.
You can spit poison.


Message History

It was a potion of haste.
You feel yourself speed up. The goblin hits you.
* * * LOW HITPOINT WARNING * * *
Grinder blinks!
Casting: Sandblast
Confirm with . or Enter, or press ? or * to list all spells.
Aiming: Sandblast
Press: ? - help, Shift-Dir - straight line, f - goblin
Aim: a goblin (inner flame)
The blast of sand misses the goblin.
b - 90 stones
Casting: Sandblast
Confirm with . or Enter, or press ? or * to list all spells.
Aiming: Sandblast
Press: ? - help, Shift-Dir - straight line, f/p - goblin
Aim: a goblin (inner flame)
The blast of sand hits the goblin.
The goblin explodes!
The fiery explosion engulfs you!
Ouch! That really hurt!
You die...

## ..# #.# #.#
######.## ........##
####.....########...
##.....§§@.......
...######.##########...
#.........# .########.#
##'## ##..§## ##..§§§##
# #....§§§## .##.#
#...§§§§§§####......


There were no monsters in sight!

Vanquished Creatures
  2 adders (D:2)
  3 dart slugs
  2 leopard geckos (D:1)
  12 bats
  3 giant cockroaches
  6 goblins
  7 hobgoblins
  6 jackals (D:1)
  2 quokkas (D:2)
  2 ball pythons (D:2)
  2 frilled lizards
  6 kobolds (D:1)
  8 rats
61 creatures vanquished.

Notes
Turn   | Place    | Note
-------+----------+-------------------------------------------
     0 | D:1      | pstr the Naga Earth Elementalist began the quest for the Orb.
     0 | D:1      | Reached XP level 1. HP: 15/15 MP: 3/3
   287 | D:1      | Reached XP level 2. HP: 22/22 MP: 0/5
   713 | D:1      | Reached XP level 3. HP: 28/28 MP: 3/6
   750 | D:1      | Learned a level 3 spell: Stone Arrow
  1778 | D:2      | Reached XP level 4. HP: 36/36 MP: 0/7
  2186 | D:2      | Found a glowing golden altar of the Shining One.
  3348 | D:3      | Noticed Grinder
  3378 | D:3      | Killed from afar by a goblin

Skill      XL: |  1  2  3 |
---------------+----------+-----
Dodging        | 2 |  2.2
Fighting       | |  0.2
Stealth        | |  3.4
Spellcasting   | |  2.8
Conjurations   | |  0.7
Transmutations | |  1.0
Earth Magic    | |  3.8

Action                   |  1- 3 |  4- 6 || total
-------------------------+-------+-------++-------
Melee: Unarmed           |     6 |     1 ||     7
 Cast: Sandblast         |    28 |    10 ||    38
       Stone Arrow       |    11 |    22 ||    33
 Abil: Spit Poison       |    11 |     4 ||    15
  Use: Scroll            |       |     4 ||     4
       Potion            |       |     3 ||     3
  Eat: Chunk             |     4 |     7 ||    11
Armor: Robe              |     6 |    10 ||    16
Dodge: Dodged            |    28 |    12 ||    40
